 Dungeon Crawl Stone Soup version 0.29.1-12-g30fa7ad0bf (webtiles) character file.

Game seed: 424295697840168446

784 yeehawbw the Ducker (level 8, -3/58 HPs)
             Began as a Djinni Fire Elementalist on Jan 11, 2023.
             Was a Follower of Makhleb.
             Killed by divine providence
             ... invoked by an orc priest
              (15 damage)
             ... on level 5 of the Dungeon.
             The game lasted 00:55:06 (5195 turns).

yeehawbw the Ducker (Djinni Fire Elementalist)      Turns: 5195, Time: 00:55:06

Health: -3/58      AC:  5    Str: 11    XL:     8   Next: 11%
Gold:   310        EV: 13    Int: 24    God:    Makhleb [*.....] SH:  0 Dex: 14

rFire   + + .      SeeInvis .   x - +9 dagger "Busid" {flame, +Blink Str+4 Int+5}
rCold   x . .      Faith    .   (no shield)
rNeg    + . .      Spirit   .   l - +0 leather armour
rPois   ∞          Reflect  .   k - +2 hat
rElec   .          Harm     .   (no cloak)
rCorr   .          Rampage  .   (no gloves)
Will    .....                   (boots unavailable)
Stlth   ++........              w - amulet of regeneration
HPRegen 0.99/turn               y - ring of positive energy
MPRegen 0.00/turn               (no ring)

@: flying
A: sickness immunity, fire resistance 2, cold vulnerability 1, float, innate
caster, HP casting, extra vitality 1
a: Renounce Religion, Evoke Blink


You were on level 5 of the Dungeon.
You worshipped Makhleb.
Makhleb was aware of your devotion.
You visited 2 branches of the dungeon, and saw 6 of its levels.
You also visited: Sewer.

You collected 310 gold pieces.

Inventory:

Hand Weapons
 b - a +0 short sword
 d - a +3 dagger
 e - a +1 dagger of holy wrath
 v - a +0 dagger of venom
 x - the +9 dagger "Busid" (weapon) {flame, +Blink Str+4 Int+5}
   (You found it on level 3 of the Dungeon)

   It burns those it strikes, dealing additional fire damage.
   Str:       It affects your strength (+4).
   Int:       It affects your intelligence (+5).
   +Blink:    It lets you blink.
Missiles
 j - a throwing net
Armour
 a - a +0 robe
 k - a +2 hat (worn)
 l - a +0 leather armour (worn)
 u - a +0 chain mail
 E - a +0 cloak
Jewellery
 w - an amulet of regeneration (around neck)
 y - a ring of positive energy (left hand)
Scrolls
 h - 4 scrolls of identify
 i - a scroll of noise
 r - a scroll of blinking
 C - a scroll of teleportation
Potions
 c - 4 potions of might
 f - 4 potions of heal wounds {unknown}
 g - 2 potions of invisibility
 m - 2 potions of berserk rage {unknown}
 n - a potion of haste {unknown}
 o - a potion of brilliance {unknown}
 p - a potion of magic {unknown}
 q - 4 potions of resistance {unknown}
 s - a potion of lignification {unknown}
 t - 2 potions of mutation {unknown}
 z - a potion of flight {unknown}
 A - a potion of ambrosia {unknown}
 B - a potion of attraction {unknown}
 D - 2 potions of curing {unknown}
 F - a potion of degeneration {unknown}


   Skills:
 + Level 3.8 Fighting
 * Level 3.5 Short Blades
 + Level 4.8 Dodging
 - Level 1.5 Stealth
 - Level 4.2 Spellcasting


You couldn't memorise any spells.
You knew the following spells:

 Your Spells              Type           Power      Damage    Failure   Level
a - Foxfire               Conj/Fire      100%       2x1d9     2%          1
b - Scorch                Fire           50%        2d8       3%          2
c - Conjure Flame         Conj/Fire      25%        6-21      7%          3
d - Inner Flame           Hex/Fire       25%        N/A       7%          3
e - Flame Wave            Conj/Fire      25%        2d8       22%         4
f - Beastly Appendage     Tmut           50%        N/A       2%          1
g - Searing Ray           Conj           50%        2d6       3%          2
h - Spider Form           Tmut/Pois      25%        N/A       7%          3
Your spell library was empty.

Dungeon Overview and Level Annotations

Branches:
Dungeon (5/15)             Temple (1/1) D:4           Sewer (visited)

Altars:
Ashenzari
Dithmenos
Gozag
Hepliaklqana
Makhleb
Okawaru
Ru
Trog
Uskayaw
Wu Jian
Yredelemnul
Zin
The Shining One


Innate Abilities, Weirdness & Mutations

You are immune to sickness and miasma.
You are immune to poison.
Your flesh is very heat resistant. (rF++)
You are vulnerable to cold. (rC-)
You float through the air rather than walking.
You learn spells naturally, not from books.
Your magical power is your life essence.
You have superior vitality. (+4 MHP)


Message History

The orc priest hits you with a +0 short sword.
The gnoll closely misses you.
Your magical contamination has completely faded away.
Casting: Searing Ray (safe; 3% risk of failure)
Confirm with . or Enter, or press ? or * to list all spells.
Aiming: Searing Ray (safe; 3% risk of failure)
Press: ? - help, Shift-Dir - straight line, f/p - gnoll
Aim: a gnoll, wielding a +0 club (severely wounded, 82% to hit)
The searing ray misses the gnoll. (Press . to maintain the ray.)
The gnoll hits you with a +0 club! The orc priest barely misses you.
The gnoll hits you from afar with a +0 spear.
The searing ray hits the gnoll.
The gnoll is almost dead.
The searing ray misses the orc.
The orc priest miscasts a cantrip.
The gnoll barely misses you.
The gnoll hits you from afar with a +0 spear!
The searing ray hits the gnoll.
You kill the gnoll!
Makhleb accepts your kill.
You feel better.
The searing ray hits the orc!
You kill the orc!
Makhleb accepts your kill.
The gnoll hits you from afar with a +0 spear.
The orc priest invokes the aid of Beogh against you.
Beogh smites you!
* * * LOW HITPOINT WARNING * * *
Casting: Searing Ray (safe; 3% risk of failure)
Confirm with . or Enter, or press ? or * to list all spells.
Flames lash the orc priest.
The orc priest is lightly wounded.
The orc priest's fire resistance burns away.
* * * LOW HITPOINT WARNING * * *
The gnoll hits you from afar with a +0 spear.
* * * LOW HITPOINT WARNING * * *
The orc priest closely misses you.
The orc priest mumbles some strange prayers to Beogh against you.
Beogh smites you!
You die...

#...........# ###
####.).........# ..#
#..............# #.#
#..............#
#.####..............#
#.#..#.##...........#
#.#..#.###....#######
.###.#..#.# #.>..##########.
........#.###...@.go.)......
####.#.........#.#o..)......
#.##.######..)#..........
#.##........#.#........##
#.########....#..........
#.# ######...###+#+##.
#.#### #....###.# #....#
#.##.# #.# ####.###.##.# #..


You could see an orc priest (combustible), an orc wizard and a gnoll.

Vanquished Creatures
  An ogre (D:4)
  2 kobold brigands
  Blork the orc (D:5)
  A gnoll sergeant (D:4)
  A scorpion (D:5)
  An orc priest (D:3)
  An iguana (D:5)
  2 orc wizards (D:4)
  2 gnolls (D:5)
  5 river rats
  7 adders
  2 worms
  3 dart slugs
  10 orcs
  10 ball pythons
  A bat (D:3)
  5 endoplasms
  2 giant cockroaches
  14 goblins
  17 hobgoblins
  3 jackals (D:4)
  2 frilled lizards
  19 kobolds
  26 rats
138 creatures vanquished.

Vanquished Creatures (others)
  175 foxfires
175 creatures vanquished.

Grand Total: 313 creatures vanquished

Notes
Turn   | Place    | Note
-------+----------+-------------------------------------------
     0 | D:1      | yeehawbw the Djinni Fire Elementalist began the quest for
                  | the Orb.
     0 | D:1      | yeehawbw set off with the following spells memorised:
                  | Foxfire, Scorch, Conjure Flame, Inner Flame, Flame Wave.
     0 | D:1      | Reached XP level 1. HP: 15/15 MP: 0/0
   613 | D:1      | Reached XP level 2. HP: 20/21 MP: 0/0
  1243 | D:2      | Found a faded altar of an unknown god.
  1262 | D:2      | Reached XP level 3. HP: 21/25 MP: 0/0
  1262 | D:2      | Learned a level 1 spell: Beastly Appendage
  1531 | D:2      | You are sucked into a shaft and drop 1 floor!
  1585 | D:3      | Found a shadowy altar of Dithmenos.
  1795 | D:3      | Reached XP level 4. HP: 18/31 MP: 0/0
  1804 | D:3      | Reached skill level 1 in Fighting
  1859 | D:3      | Found a glowing drain.
  1868 | Sewer    | Entered a sewer
  2062 | Sewer    | Reached XP level 5. HP: 37/37 MP: 0/0
  2062 | Sewer    | Learned a level 2 spell: Searing Ray
  2893 | Sewer    | Noticed a kobold brigand
  2903 | Sewer    | Killed a kobold brigand
  2904 | Sewer    | Reached XP level 6. HP: 22/43 MP: 0/0
  3667 | D:3      | Identified the +9 dagger "Busid" {flame, +Blink Str+4
                  | Int+5}
  4031 | D:4      | Noticed an ogre
  4044 | D:4      | Killed an ogre
  4045 | D:4      | Reached skill level 1 in Short Blades
  4045 | D:4      | Reached XP level 7. HP: 18/49 MP: 0/0
  4045 | D:4      | Learned a level 3 spell: Spider Form
  4388 | D:4      | Found a staircase to the Ecumenical Temple.
  4410 | Temple   | Entered the Ecumenical Temple
  4531 | Temple   | Became a worshipper of Makhleb the Destroyer
  4600 | D:4      | Found a broken altar of Ashenzari.
  5052 | D:5      | Entered Level 5 of the Dungeon
  5133 | D:5      | Noticed Blork the orc
  5139 | D:5      | Killed Blork the orc
  5139 | D:5      | Reached * piety under Makhleb
  5187 | D:5      | Reached XP level 8. HP: 58/58 MP: 0/0
  5195 | D:5      | Killed from afar by an orc priest

Illustrated notes

Levels and vault maps discovered:
D:1:      dpeg_chamrin_arrival_tetris, layout_basic, minivault_19,
          minmay_misc_feat_tower, st_stairs_2
D:2:      minmay_door_path, layout_loops_ring, ebering_ecumenical_altar_webs
D:3:      cheibrodos_greedy_goblins, layout_rooms, mainiacjoe_overflow_24_doors,
          lightli_sewer_entry_pipes, serial_rivers,
          chequers_serial_rivers_micro_e, chequers_serial_rivers_micro_e,
          chequers_serial_rivers_large_b, chequers_serial_rivers_marsh,
          chequers_serial_rivers_small_3
D:4:      minmay_chambers_of_threes, layout_gridville, evilmike_ruin_ashenzari,
          minmay_temple_entry_ruins
D:5:      layout_basic, serial_shops, shop, uniq_prince_ribbit1,
          uniq_blork_the_orc
Temple:   hc_temple_tempest_star

Skill      XL: |  1  2  3  4  5  6  7 |
---------------+----------------------+-----
Spellcasting   | 3 4 |  4.2
Fighting       | 1 2 3 |  3.8
Dodging        | 3 4 |  4.8
Short Blades   | 1 3 |  3.5
Stealth        | |  1.5

Action                   |  1- 3 |  4- 6 |  7- 9 || total
-------------------------+-------+-------+-------++-------
Melee: Dagger            |    24 |    53 |    35 ||   112
       Headbutt          |       |     3 |       ||     3
 Cast: Foxfire           |    30 |    45 |    26 ||   101
       Scorch            |       |    10 |     3 ||    13
       Searing Ray       |       |    10 |     4 ||    14
       Beastly Appendage |       |     1 |       ||     1
  Use: Scroll            |     4 |     1 |     1 ||     6
       Potion            |       |     2 |       ||     2
 Stab: Sleeping          |     3 |     2 |     1 ||     6
Armor: Robe              |     2 |       |       ||     2
       Leather armour    |     6 |    18 |    13 ||    37
Dodge: Dodged            |    21 |    33 |    29 ||    83
